 Dungeon Crawl Stone Soup version 0.29.1-4-g47bece8355 (webtiles) character file.

Game seed: 7599902758272428496

515 Peloso the Slasher (level 7, 0/61 HPs)
             Began as a Minotaur Fighter on Dec 10, 2022.
             Shot with an arrow by a centaur (2 damage)
             ... on level 5 of the Dungeon.
             The game lasted 00:09:25 (5174 turns).

Peloso the Slasher (Minotaur Fighter)               Turns: 5174, Time: 00:09:26

Health: 0/61       AC:  7    Str: 21    XL:     7   Next: 0%
Magic:  6/6        EV:  9    Int:  5    God:
Gold:   196        SH:  5    Dex: 11    Spells: 6/6 levels left

rFire   . . .      SeeInvis .   a - +0 long sword
rCold   . . .      Faith    .   d - +0 buckler
rNeg    . . .      Spirit   .   c - +0 scale mail
rPois   .          Reflect  .   (helmet restricted)
rElec   .          Harm     .   (no cloak)
rCorr   .          Rampage  .   (no gloves)
Will    .....                   (no boots)
Stlth   ..........              (no amulet)
HPRegen 0.20/turn               (no ring)
MPRegen 0.10/turn               (no ring)

@: no status effects
A: horns 2, retaliatory headbutt
a: no special abilities


You were on level 5 of the Dungeon.
You visited 2 branches of the dungeon, and saw 7 of its levels.

You collected 196 gold pieces.

Inventory:

Hand Weapons
 a - a +0 long sword (weapon)
 b - a +0 long sword
Missiles
 t - a throwing net (quivered)
Armour
 c - a +0 scale mail (worn)
 d - a +0 buckler (worn)
Wands
 i - a wand of light (5)
 p - a wand of digging (4)
Scrolls
 j - a scroll of poison {unknown}
 k - 2 scrolls of teleportation {unknown}
 o - a scroll of fog {unknown}
 q - a scroll of silence {unknown}
 r - a scroll of enchant weapon {unknown}
 s - a scroll of vulnerability {unknown}
 w - a scroll of identify
Potions
 e - a potion of haste
 f - a potion of flight
 g - a potion of berserk rage
 m - a potion of mutation
 n - 2 potions of might
 u - 3 potions of curing
 v - a potion of lignification {unknown}


   Skills:
 + Level 5.2 Fighting
 + Level 5.8 Long Blades
 + Level 5.5 Armour
 + Level 1.2 Dodging
 + Level 0.7 Stealth
 + Level 5.0 Shields


You had 6 spell levels left.
You didn't know any spells.
Your spell library contained the following spells:

 Spells                   Type           Power      Damage    Failure   Level
 Apportation              Tloc           0%         N/A       87%         1
 Summon Small Mammal      Summ           0%         N/A       87%         1
 Call Canine Familiar     Summ           0%         N/A       99%         3
 Summon Guardian Golem    Hex/Summ       0%         N/A       99%         3
 Alistair's Intoxication  Tmut/Pois      0%         N/A       100%        5
 Freezing Cloud           Conj/Ice/Air   0%         6-21      100%        5
 Simulacrum               Ice/Necr       0%         N/A       100%        6
 Polar Vortex             Ice            0%         N/A       100%        9


Dungeon Overview and Level Annotations

Branches:
Dungeon (6/15)             Temple (1/1) D:5

Altars:
Elyvilon
Fedhas
Gozag
Kikubaaqudgha
Makhleb
Ru
Sif Muna
Trog
Vehumet
Yredelemnul
Zin

Shops:
D:3 (:

Annotations:
D:5 Pikel


Innate Abilities, Weirdness & Mutations

You have a pair of horns on your head.
You reflexively headbutt those who attack you in melee.


Message History

You climb upwards.
Level annotation: Pikel You block the lemure's attack.
There is a stone staircase leading down here.
As you read the scroll of fear, it crumbles to dust.
You assume a fearsome visage.
Pikel looks frightened!
The lemure looks frightened! x4; The orc priest looks frightened!
A lemure opens the door.
Found a stone staircase leading up.
A centaur comes into view.
The centaur shouts!
The centaur wields a +0 shortbow of freezing.
It is covered in frost.
The centaur shoots an arrow.
The arrow hits you. The arrow freezes you.
The orc priest seems to regain its courage.
The orc priest hits you with a +0 trident!
You hit the orc priest but do no damage.
The centaur shoots an arrow.
The arrow hits you! The arrow freezes you.
The orc priest hits you but does no damage.
The centaur shoots an arrow.
You block the arrow.
You slash the orc priest! Your headbutt misses the orc priest.
The orc priest is almost dead.
The centaur shoots an arrow.
The arrow hits you! The arrow freezes you.
* * * LOW HITPOINT WARNING * * *
You block the orc priest's attack.
You hit the orc priest but do no damage.
You headbutt the orc priest.
You kill the orc priest!
The centaur shoots an arrow.
The arrow hits you but does no damage.
The centaur shoots an arrow.
The arrow hits you!
* * * LOW HITPOINT WARNING * * *
The arrow freezes you.
* * * LOW HITPOINT WARNING * * *
You have reached level 7!
It was a potion of curing.
You feel better.
The centaur shoots an arrow.
The arrow hits you but does no damage.
The centaur shoots an arrow.
The arrow hits you.
* * * LOW HITPOINT WARNING * * *
The arrow freezes you.
You die...

....... .......
........# ....c...#
........# .......#
.......####
##########...@.)#
#........#......+
#...K.5..#......#
#...5.5..#......#
##'#######......#
#..................
#...................
#...................
#..................5


You could see a centaur.

Vanquished Creatures
  4 orc priests
  A gnoll bouda (D:4)
  An iguana (D:4)
  3 orc wizards
  10 gnolls
  3 adders
  An ufetubus (D:3)
  7 worms
  3 dart slugs
  10 orcs
  3 ball pythons
  8 endoplasms
  9 giant cockroaches
  11 goblins
  10 hobgoblins
  6 jackals
  6 kobolds
  4 quokkas
  5 bats
  4 frilled lizards
  6 rats
  A bush (D:1)
116 creatures vanquished.

Vanquished Creatures (others)
  3 plants (D:1)
3 creatures vanquished.

Grand Total: 119 creatures vanquished

Notes
Turn   | Place    | Note
-------+----------+-------------------------------------------
     0 | D:1      | Peloso the Minotaur Fighter began the quest for the Orb.
     0 | D:1      | Reached XP level 1. HP: 19/19 MP: 0/0
   225 | D:1      | Reached XP level 2. HP: 27/27 MP: 1/1
   267 | D:1      | Found a faded altar of an unknown god.
   521 | D:1      | Reached XP level 3. HP: 33/33 MP: 2/2
  1619 | D:2      | Reached XP level 4. HP: 41/41 MP: 3/3
  2331 | D:3      | Reached XP level 5. HP: 44/47 MP: 4/4
  2658 | D:3      | Found Daoffac's Weapon Shop.
  2960 | D:3      | Found Ikemnied's Vocational Training.
  3157 | D:4      | Reached skill level 5 in Fighting
  3701 | D:4      | Reached XP level 6. HP: 41/56 MP: 5/5
  3710 | D:4      | Reached skill level 5 in Long Blades
  3715 | D:4      | HP: 2/56 [iguana (8)]
  4102 | D:4      | Reached skill level 5 in Armour
  4102 | D:4      | Reached skill level 1 in Dodging
  4654 | D:5      | Entered Level 5 of the Dungeon
  4654 | D:5      | Found a staircase to the Ecumenical Temple.
  4657 | Temple   | Entered the Ecumenical Temple
  4869 | D:5      | Reached skill level 5 in Shields
  5148 | D:5      | Noticed Pikel
  5157 | D:6      | Noticed an orc warrior
  5172 | D:5      | HP: 1/56 [centaur/arrow (3)]
  5173 | D:5      | Reached XP level 7. HP: 2/61 MP: 6/6
  5174 | D:5      | Shot with an arrow by a centaur

Illustrated notes

Levels and vault maps discovered:
D:1:      minmay_arrival_four_houses, layout_loops_ring,
          hellmonk_ecumenical_altar_pennies_from_heaven, serial_forest,
          infiniplex_forest_clump_double, infiniplex_forest_clump_diagonal,
          infiniplex_forest_lined_3, infiniplex_forest_clump_medium,
          infiniplex_forest_straight_2, infiniplex_forest_clump_tiny,
          infiniplex_forest_clump_C
D:2:      layout_loops_cross
D:3:      minmay_recursive_quarters, layout_basic, serial_shops,
          nicolae_shop_bloodbath_and_beyond, nicolae_shop_vocational
D:4:      layout_cave_pods
D:5:      layout_gridville, temple_statues, ebering_ghost_reflecting_pool,
          uniq_pikel, uniq_grinder
D:6:      layout_loops_ring, amcnicky_altar_gilded, okawaru_ov_weapons_minmay,
          grunt_temple_overflow_open, nicolae_dithmenos_through_a_glass_darkly,
          serial_shops, kennysheep_mini, serial_bayou_ford_a
Temple:   grunt_temple_mini_profane

Skill      XL: |  1  2  3  4  5  6 |
---------------+-------------------+-----
Fighting       | 4 5 |  5.2
Shields        | 4 5 |  5.0
Long Blades    | 3 4 5 |  5.8
Armour         | 4 5 |  5.5
Dodging        | 1 |  1.2
Stealth        | |  0.7

Action                   |  1- 3 |  4- 6 |  7- 9 || total
-------------------------+-------+-------+-------++-------
Melee: Long sword        |   185 |   225 |       ||   410
       Headbutt          |    44 |    38 |       ||    82
  Use: Scroll            |       |     7 |       ||     7
       Potion            |       |     3 |     1 ||     4
Armor: Scale mail        |    33 |   118 |     1 ||   152
Dodge: Dodged            |    49 |   101 |       ||   150
Block: Buckler           |    29 |    46 |       ||    75
